Get step-by-step instructions on how to execute this build order below. Start the game timer, and the build order will tick by so you can play in parallel with StarCraft on a second screen or mobile device.

Game Time

  0:00

Last Step

  N/A

Next Step

Upcoming Step



Don't want to look back and forth between 2 screens? Try out our Overwolf App, the Spawning Tool Build Advisor to get an in-game overlay with this build!

Complete Build Order

  1  0:00  Probe x12 (Chrono Boost)  
    0:08  Unknown  
  13  0:25  Probe (Chrono Boost)  
  14  0:35  Probe (Chrono Boost)  
  14  0:46  Probe (Chrono Boost)  
  15  0:56  Pylon  
  15  1:14  Probe (Chrono Boost)  
  16  1:20  Nexus  
  16  1:25  Probe (Chrono Boost)  
  17  1:35  Gateway  
  17  1:40  Assimilator  
  17  1:43  Probe (Chrono Boost)  
  18  1:54  Probe (Chrono Boost), Pylon  
  19  2:04  Probe (Chrono Boost)  
  20  2:15  Probe (Chrono Boost)  
  21  2:20  Zealot  
  23  2:24  Cybernetics Core  
  23  2:26  Probe (Chrono Boost)  
  24  2:33  Probe (Chrono Boost)  
  25  2:37  Probe (Chrono Boost)  
  27  2:44  Probe (Chrono Boost)  
  27  2:48  Probe (Chrono Boost)  
  28  2:52  Warp Gate  
  28  2:56  Pylon  
  29  2:58  Probe (Chrono Boost)  
  29  3:00  Stalker  
  31  3:08  Gateway  
  31  3:12  Assimilator  
  31  3:15  Probe (Chrono Boost)  
  32  3:28  Pylon, Adept  
  32  3:29  Probe (Chrono Boost)  
  32  3:33  Probe (Chrono Boost)  
  37  3:41  Probe (Chrono Boost)  
  37  3:45  Probe (Chrono Boost)  
  38  3:53  Adept  
  40  3:56  Robotics Facility  
  40  3:58  Adept  
  43  4:04  Probe (Chrono Boost)  
  43  4:07  Probe (Chrono Boost)  
  44  4:15  Probe (Chrono Boost)  
  45  4:18  Probe (Chrono Boost), Adept  
  48  4:28  Probe (Chrono Boost)  
  48  4:30  Probe (Chrono Boost)  
  50  4:32  Adept  
  53  4:40  Probe (Chrono Boost)  
  53  4:42  Probe (Chrono Boost)  
  53  4:43  Adept  
  56  4:58  Robotics Bay  
  56  5:02  Pylon  
  56  5:03  Probe (Chrono Boost)  
  56  5:05  Observer  
  56  5:06  Probe (Chrono Boost)  
  57  5:21  Robotics Facility  
  57  5:22  Zealot  
  57  5:25  Probe (Chrono Boost)  
  58  5:30  Adept  
  60  5:41  Stalker, Pylon  
  62  5:45  Twilight Council  
  62  6:15  Zealot  
  64  6:30  Pylon  
  64  6:32  Terran Vehicle Armor Level 3, Protoss Air Weapons Level 3, Protoss Ground Armor Level 3, Zerg Ground Armor Level 3, Terran Infantry Weapons Level 3, Protoss Shields Level 3, Protoss Ground Weapons Level 3, Terran Ship Weapons Level 3, Terran Ship Armor Level 3, Zerg Flyer Armor Level 3, Protoss Air Armor Level 3, Zerg Melee Weapons Level 3, Terran Vehicle Weapons Level 3, Zerg Missile Weapons Level 3, Zerg Flyer Weapons Level 3, Terran Infantry Armor Level 3  
  64  6:35  Zealot  
  66  6:48  Zealot  
  66  6:53  Stalker, Protoss Air Weapons Level 2, Terran Infantry Armor Level 2, Zerg Flyer Armor Level 2, Terran Infantry Weapons Level 2, Terran Ship Armor Level 2, Protoss Shields Level 2, Zerg Melee Weapons Level 2, Zerg Missile Weapons Level 2, Zerg Ground Armor Level 2, Protoss Ground Weapons Level 2, Protoss Ground Armor Level 2, Terran Vehicle Weapons Level 2, Terran Vehicle Armor Level 2, Terran Ship Weapons Level 2, Zerg Flyer Weapons Level 2, Protoss Air Armor Level 2  
  70  6:59  Pylon  
  70  7:00  Pylon  
  70  7:08  Stimpack, Blink  
  70  7:10  Zealot  
  70  7:15  Protoss Ground Armor Level 1, Terran Infantry Weapons Level 1, Protoss Shields Level 1, Protoss Ground Weapons Level 1, Zerg Flyer Weapons Level 1, Zerg Missile Weapons Level 1, Warp Gate, Terran Vehicle Armor Level 1, Terran Ship Weapons Level 1, Zerg Ground Armor Level 1, Protoss Air Armor Level 1, Terran Ship Armor Level 1, Terran Infantry Armor Level 1, Zealot, Zerg Flyer Armor Level 1, Terran Vehicle Weapons Level 1, Zerg Melee Weapons Level 1, Protoss Air Weapons Level 1  
  74  7:27  Zealot  
  74  7:29  Charge, Resonating Glaives, Building Armor, Extended Thermal Lance  
  76  7:30  Pylon  
  76  7:32  Stalker  
  76  7:36  Ventral Sacs, Adrenal Glands  
  78  7:42  Enduring Locusts  
  78  7:43  Personal Cloaking  
  78  7:45  Sentry  
  78  7:49  Psionic Storm  
  78  7:50  Glial Reconstitution, Neosteel Frame, Neural Parasite, Cloaking Field, Tunneling Claws, Metabolic Boost, Centrifical Hooks, Corvid Reactor, Infernal Pre-Igniter, Durable Materials, Combat Shields, Chitinous Plating  
  80  7:56  Stalker  
  82  7:58  Burrow, Muscular Augments x2  
  82  8:05  Zealot  
  82  8:12  Moebius Reactor, Gravitic Drive, Observer Gravitic Boosters, Pathogen Glands, Graviton Catapult, Behemoth Reactor, Hi-Sec Auto Tracking, Caduceus Reactor  
  72  8:16  Zealot  
  68  8:23  Zealot  
  68  8:26  Concussive Shells, Pneumatized Carapace, Weapon Refit  
  70  8:33  Zealot  
  72  8:40  Sentry  
  74  8:51  Zealot  
  76  9:01  Adept  
  78  9:09  Unknown x5  
  78  9:14  Probe x12 (Chrono Boost)  
    9:24  Unknown  
    9:25  Probe (Chrono Boost)  
  13  9:35  Probe (Chrono Boost)  
  14  9:46  Probe (Chrono Boost)  
  15  9:57  Pylon  
  15  10:15  Probe (Chrono Boost)  
  16  10:21  Nexus  
  16  10:26  Probe (Chrono Boost)  
  17  10:37  Probe (Chrono Boost)  
  17  10:38  Gateway  
  18  11:21  Pylon  
  18  11:29  Zealot  
  20  11:49  Cybernetics Core  
  20  11:51  Gateway  
  20  11:54  Pylon  
  20  12:08  Zealot  
  22  12:23  Assimilator  
  22  12:31  Probe (Chrono Boost)  
  22  12:34  Probe (Chrono Boost)  
  24  12:43  Assimilator  
  24  12:46  Probe (Chrono Boost)  
  24  12:49  Probe (Chrono Boost)  
  26  12:57  Probe (Chrono Boost)  
  27  13:02  Gateway  
  27  13:06  Terran Vehicle Armor Level 3, Protoss Air Weapons Level 3, Protoss Ground Armor Level 3, Zerg Ground Armor Level 3, Terran Infantry Weapons Level 3, Protoss Shields Level 3, Protoss Ground Weapons Level 3, Terran Ship Weapons Level 3, Terran Ship Armor Level 3, Zerg Flyer Armor Level 3, Protoss Air Armor Level 3, Zerg Melee Weapons Level 3, Terran Vehicle Weapons Level 3, Zerg Missile Weapons Level 3, Zerg Flyer Weapons Level 3, Terran Infantry Armor Level 3  
  27  13:07  Probe (Chrono Boost)  
  27  13:08  Probe (Chrono Boost)  
  29  13:15  Zealot  
  29  13:17  Probe (Chrono Boost)  
  29  13:19  Twilight Council  
  32  13:27  Terran Vehicle Weapons Level 2, Protoss Air Weapons Level 2, Terran Infantry Armor Level 2, Zerg Flyer Armor Level 2, Terran Infantry Weapons Level 2, Terran Ship Armor Level 2, Protoss Shields Level 2, Zerg Melee Weapons Level 2, Zerg Missile Weapons Level 2, Zerg Ground Armor Level 2, Protoss Ground Weapons Level 2, Protoss Ground Armor Level 2, Terran Vehicle Armor Level 2, Terran Ship Weapons Level 2, Zerg Flyer Weapons Level 2, Protoss Air Armor Level 2  
  32  13:42  Stimpack, Blink  
  32  13:49  Protoss Ground Armor Level 1, Terran Infantry Weapons Level 1, Protoss Shields Level 1, Protoss Ground Weapons Level 1, Zerg Flyer Weapons Level 1, Zerg Missile Weapons Level 1, Warp Gate, Terran Ship Weapons Level 1, Zerg Ground Armor Level 1, Protoss Air Armor Level 1, Terran Ship Armor Level 1, Terran Infantry Armor Level 1, Terran Vehicle Armor Level 1, Zerg Flyer Armor Level 1, Terran Vehicle Weapons Level 1, Zerg Melee Weapons Level 1, Protoss Air Weapons Level 1  
  32  14:02  Templar Archives  
  32  14:03  Charge, Resonating Glaives, Building Armor, Extended Thermal Lance  
  32  14:09  Zealot  
  32  14:10  Ventral Sacs, Adrenal Glands  
  32  14:16  Enduring Locusts  
  32  14:17  Zealot, Personal Cloaking  
  32  14:20  Zealot  
  32  14:23  Probe (Chrono Boost), Psionic Storm  
  32  14:24  Glial Reconstitution, Neosteel Frame, Neural Parasite, Cloaking Field, Tunneling Claws, Metabolic Boost, Centrifical Hooks, Corvid Reactor, Infernal Pre-Igniter, Durable Materials, Combat Shields, Chitinous Plating  
  32  14:26  Probe (Chrono Boost)  
  28  14:32  Burrow, Muscular Augments x2  
  28  14:34  Zealot  
  28  14:35  Probe (Chrono Boost)  
  28  14:37  Probe (Chrono Boost)  
  32  14:42  High Templar  
  35  14:46  Protoss Air Weapons Level 3, Pathogen Glands, Terran Infantry Weapons Level 3, Terran Ship Armor Level 3, Terran Ship Weapons Level 3, Protoss Ground Weapons Level 3, Graviton Catapult, Zerg Flyer Weapons Level 3, Behemoth Reactor, Zerg Melee Weapons Level 3, Terran Vehicle Armor Level 3, Gravitic Drive, Observer Gravitic Boosters, Zerg Ground Armor Level 3, Protoss Shields Level 3, Protoss Ground Armor Level 3, Zerg Flyer Armor Level 3, Protoss Air Armor Level 3, Moebius Reactor, Hi-Sec Auto Tracking, Terran Vehicle Weapons Level 3, Zerg Missile Weapons Level 3, Terran Infantry Armor Level 3, Caduceus Reactor  
  35  14:47  Probe (Chrono Boost)  
  35  14:48  Probe (Chrono Boost), Pylon  
  32  15:00  Concussive Shells, Pneumatized Carapace, Weapon Refit  
  32  15:03  Zealot  
  32  15:05  Pylon  
  32  15:07  Terran Vehicle Weapons Level 2, Protoss Air Weapons Level 2, Terran Infantry Armor Level 2, Zerg Flyer Armor Level 2, Terran Infantry Weapons Level 2, Terran Ship Armor Level 2, Protoss Shields Level 2, Zerg Melee Weapons Level 2, Zerg Missile Weapons Level 2, Zerg Ground Armor Level 2, Protoss Ground Weapons Level 2, Protoss Ground Armor Level 2, Terran Vehicle Armor Level 2, Terran Ship Weapons Level 2, Zerg Flyer Weapons Level 2, Protoss Air Armor Level 2  
  32  15:09  Pylon  
  32  15:11  Probe (Chrono Boost)  
  32  15:12  Probe (Chrono Boost)  
  32  15:22  Stimpack, Blink  
  30  15:29  Protoss Ground Armor Level 1, Terran Infantry Weapons Level 1, Protoss Shields Level 1, Protoss Ground Weapons Level 1, Zerg Flyer Weapons Level 1, Zerg Missile Weapons Level 1, Warp Gate, Terran Ship Weapons Level 1, Zerg Ground Armor Level 1, Protoss Air Armor Level 1, Terran Ship Armor Level 1, Protoss Air Weapons Level 1, Terran Infantry Armor Level 1, Terran Vehicle Armor Level 1, Zerg Flyer Armor Level 1, Terran Vehicle Weapons Level 1, Zerg Melee Weapons Level 1, Pylon  
  29  15:43  Charge, Resonating Glaives, Building Armor, Extended Thermal Lance, Unknown x5  
  29  15:47  Probe x12 (Chrono Boost)  
    15:50  Ventral Sacs, Adrenal Glands  
    15:56  Enduring Locusts  
    15:57  Personal Cloaking, Unknown  
    15:58  Probe (Chrono Boost)  
    16:03  Psionic Storm  
    16:04  Glial Reconstitution, Neosteel Frame, Neural Parasite, Cloaking Field, Tunneling Claws, Metabolic Boost, Centrifical Hooks, Corvid Reactor, Infernal Pre-Igniter, Durable Materials, Combat Shields, Chitinous Plating  
  13  16:09  Probe (Chrono Boost)  
  14  16:12  Burrow, Muscular Augments x2  
  14  16:19  Probe (Chrono Boost)  
  15  16:26  Moebius Reactor, Gravitic Drive, Observer Gravitic Boosters, Pathogen Glands, Graviton Catapult, Behemoth Reactor, Hi-Sec Auto Tracking, Caduceus Reactor  
  15  16:40  Concussive Shells, Pneumatized Carapace, Weapon Refit  
  15  16:42  Pylon  
  15  16:54  Nexus  
  15  17:00  Probe (Chrono Boost)  
  16  17:05  Gateway  
  16  17:11  Probe (Chrono Boost)  
  17  17:23  Unknown x5  
  17  17:26  Probe x12 (Chrono Boost)  
    17:36  Unknown  
  12  17:38  Probe (Chrono Boost)  
  13  17:49  Probe (Chrono Boost)  
  14  17:59  Probe (Chrono Boost)  
  15  18:10  Pylon  
  15  18:28  Probe (Chrono Boost)  
  15  18:34  Nexus  
  16  18:39  Probe (Chrono Boost)  
  17  18:49  Probe (Chrono Boost)  
  17  18:52  Gateway  
  18  19:35  Pylon  
  18  19:41  Zealot  
  18  19:42  Cybernetics Core  
  20  20:05  Gateway  
  20  20:06  Terran Vehicle Armor Level 3, Protoss Air Weapons Level 3, Protoss Ground Armor Level 3, Zerg Ground Armor Level 3, Terran Infantry Weapons Level 3, Protoss Shields Level 3, Protoss Ground Weapons Level 3, Terran Ship Weapons Level 3, Terran Ship Armor Level 3, Zerg Flyer Armor Level 3, Protoss Air Armor Level 3, Zerg Melee Weapons Level 3, Terran Vehicle Weapons Level 3, Zerg Missile Weapons Level 3, Zerg Flyer Weapons Level 3, Terran Infantry Armor Level 3  
  20  20:14  Zealot  
  22  20:27  Terran Vehicle Weapons Level 2, Protoss Air Weapons Level 2, Terran Infantry Armor Level 2, Zerg Flyer Armor Level 2, Terran Infantry Weapons Level 2, Terran Ship Armor Level 2, Protoss Shields Level 2, Zerg Melee Weapons Level 2, Zerg Missile Weapons Level 2, Zerg Ground Armor Level 2, Protoss Ground Weapons Level 2, Protoss Ground Armor Level 2, Terran Vehicle Armor Level 2, Terran Ship Weapons Level 2, Zerg Flyer Weapons Level 2, Protoss Air Armor Level 2  
  22  20:33  Probe (Chrono Boost)  
  22  20:34  Probe (Chrono Boost)  
  22  20:35  Assimilator  
  24  20:42  Stimpack, Blink  
  24  20:44  Probe (Chrono Boost)  
  24  20:49  Protoss Ground Armor Level 1, Terran Infantry Weapons Level 1, Protoss Shields Level 1, Protoss Ground Weapons Level 1, Zerg Flyer Weapons Level 1, Zerg Missile Weapons Level 1, Warp Gate, Terran Ship Weapons Level 1, Zerg Ground Armor Level 1, Protoss Air Armor Level 1, Terran Ship Armor Level 1, Terran Infantry Armor Level 1, Terran Vehicle Armor Level 1, Zerg Flyer Armor Level 1, Terran Vehicle Weapons Level 1, Zerg Melee Weapons Level 1, Protoss Air Weapons Level 1  
  25  20:53  Assimilator  
  25  20:59  Probe x2 (Chrono Boost)  
  25  21:03  Charge, Resonating Glaives, Building Armor, Extended Thermal Lance  
  27  21:10  Ventral Sacs, Adrenal Glands  
  27  21:11  Zealot  
  27  21:13  Gateway  
  27  21:16  Enduring Locusts  
  27  21:17  Personal Cloaking, Probe x2 (Chrono Boost)  
  31  21:23  Psionic Storm  
  31  21:24  Glial Reconstitution, Neosteel Frame, Neural Parasite, Cloaking Field, Tunneling Claws, Metabolic Boost, Centrifical Hooks, Corvid Reactor, Infernal Pre-Igniter, Durable Materials, Combat Shields, Chitinous Plating  
  31  21:28  Probe (Chrono Boost)  
  31  21:30  Twilight Council  
  31  21:32  Burrow, Muscular Augments x2  
  32  21:46  Moebius Reactor, Gravitic Drive, Observer Gravitic Boosters, Pathogen Glands, Graviton Catapult, Behemoth Reactor, Hi-Sec Auto Tracking, Caduceus Reactor  
  32  22:00  Concussive Shells, Pneumatized Carapace, Weapon Refit  
  32  22:10  Templar Archives  
  30  22:26  Probe (Chrono Boost)  
  30  22:28  Probe (Chrono Boost)  
  26  22:43  Unknown x5